 Dungeon Crawl Stone Soup version 0.29-a0-451-gfbfa42419e (webtiles) character file.

Game seed: 3033990595989278866

8968 jlumianski the Eye of the Storm (level 11, 0/82 HPs)
             Began as a Demonspawn Fighter on May 19, 2022.
             Was a Priest of Qazlal.
             Slain by a skeletal warrior
             ... wielding a +0 glaive
              (17 damage)
             ... on level 9 of the Dungeon.
             The game lasted 00:45:52 (10549 turns).

jlumianski the Eye of the Storm (DsFi)             Turns: 10549, Time: 00:45:53

Health: 0/82       AC: 17    Str: 26    XL:     11   Next: 16%
Magic:  17/17      EV:  8    Int: 12    God:    Qazlal [***...]
Gold:   231        SH: 14    Dex: 16    Spells: 10/10 levels left

rFire   . . .      SeeInvis +   D - +8 mace of Deflation {freeze, Int+3}
rCold   . . .      Faith    .   X - +0 kite shield
rNeg    . . .      Spirit   .   d - +0 chain mail
rPois   .          Reflect  .   (no helmet)
rElec   .          Harm     .   P - +2 cloak
rCorr   .          Rampage  .   f - +2 pair of gloves
Will    .....                   (no boots)
Stlth   ..........              m - amulet of the acrobat
HPRegen 0.23/turn               v - ring of see invisible
MPRegen 0.15/turn               o - +6 ring of strength

@: no status effects
A: hooves 1, thin skeletal structure 1, ignite blood 2, spiny 2
a: Renounce Religion, Upheaval, Elemental Force


You were on level 9 of the Dungeon.
You worshipped Qazlal.
Qazlal was most pleased with you.
You visited 1 branch of the dungeon, and saw 9 of its levels.

You collected 476 gold pieces.
You spent 245 gold pieces at shops.

Inventory:

Hand Weapons
 a - a +1 war axe
 z - a +1 morningstar of protection
 B - a +4 trident of protection
 D - the +8 mace of Deflation (weapon) {freeze, Int+3}
   (You found it on level 6 of the Dungeon)

   It freezes those it strikes, dealing additional cold damage.
   It can also slow down cold-blooded creatures.
   Int:       It affects your intelligence (+3).
 I - a +0 whip of electrocution
 O - a +4 quarterstaff of chaos
 S - a +1 broad axe of flaming
 V - a +2 whip of electrocution
Missiles
 i - 293 stones
 j - 4 atropa-tipped darts
 n - 36 poisoned darts
 t - 5 boomerangs (quivered)
 W - a curare-tipped dart
Armour
 b - a +0 scale mail
 c - a +1 buckler
 d - a +0 chain mail (worn)
 f - a +2 pair of gloves (worn)
 y - a +0 ring mail of fire resistance
 J - the +1 robe of the Vanishing Seers {Rampage rElec}
   (You found it on level 7 of the Dungeon)

   rElec:     It insulates you from electricity.
   Rampage:   It bestows one free step when moving towards enemies.
 P - a +2 cloak (worn)
 R - a +0 pair of gloves
 X - a +0 kite shield (worn)
Magical Staves
 C - a staff of conjuration
Jewellery
 m - an amulet of the acrobat (around neck)
 o - a +6 ring of strength (right hand)
 q - an amulet of guardian spirit
 v - a ring of see invisible (left hand)
Wands
 G - a wand of paralysis (6)
 K - a wand of iceblast (16)
 M - a wand of acid (10)
 N - a wand of charming (7)
 Q - a wand of mindburst (17)
 U - a wand of flame (26)
Scrolls
 g - a scroll of magic mapping
 k - 3 scrolls of fog
 A - a scroll of fear
 F - 2 scrolls of poison
Potions
 e - 2 potions of brilliance
 h - a potion of magic
 l - 2 potions of might
 p - 3 potions of haste
 r - 4 potions of heal wounds
 s - a potion of mutation
 u - 4 potions of curing
 w - 3 potions of degeneration
 x - a potion of attraction
 E - 2 potions of lignification
 H - a potion of cancellation
 L - a potion of resistance
 T - a potion of ambrosia


   Skills:
 + Level 6.3 Fighting
 + Level 7.5(8.8) Axes
 + Level 7.0(8.5) Maces & Flails
 + Level 1.5 Throwing
 + Level 7.3 Armour
 + Level 2.7 Dodging
 + Level 0.9 Stealth
 + Level 5.6 Shields
 * Level 9.2 Invocations


You had 10 spell levels left.
You didn't know any spells.
Your spell library contained the following spells:

 Spells                   Type           Power      Damage    Failure   Level
 Beastly Appendage        Tmut           0%         N/A       99%         1
 Freeze                   Ice            0%         1d3       99%         1
 Static Discharge         Conj/Air       0%         N/A       100%        2
 Wereblood                Tmut           0%         N/A       100%        2
 Frozen Ramparts          Ice            0%         1d2       100%        3
 Lesser Beckoning         Tloc           0%         N/A       100%        3
 Ozocubu's Armour         Ice            0%         N/A       100%        3
 Spider Form              Tmut/Pois      0%         N/A       100%        3
 Anguish                  Hex/Necr       0%         N/A       100%        4
 Hailstorm                Conj/Ice       0%         3d3       100%        4
 Lightning Bolt           Conj/Air       0%         1d11      100%        5
 Metabolic Englaciation   Hex/Ice        0%         N/A       100%        5
 Simulacrum               Ice/Necr       0%         N/A       100%        6
 Enfeeble                 Hex            0%         N/A       100%        7
 Maxwell's Capacitive Co  Air            0%         ∞         100%        8
 Necromutation            Tmut/Necr      0%         N/A       100%        8


Dungeon Overview and Level Annotations

Branches:
Dungeon (9/15)             Temple (0/1) D:6
   Lair: D:8-11         Orc: D:9-12

Altars:
Ashenzari
Dithmenos
Elyvilon
Hepliaklqana
Kikubaaqudgha
Makhleb
Qazlal
Ru
Xom
Zin

Shops:
D:3 ?   D:4 :!   D:5 **   D:8 !   D:9 ?[=?


Innate Abilities, Weirdness & Mutations

You have large cloven feet.
You have a somewhat thin skeletal structure. (Dex +2, Stealth+)
Your demonic aura often causes spilled blood to erupt in flames.
You are mostly covered in sharp spines.


Message History

The skeletal warrior is struck by your spines.
The skeletal warrior hits you with a +0 glaive!!
You hit the skeletal warrior but do no damage.
Your kick misses the skeletal warrior.
The skeletal warrior is moderately damaged.
You block the skeletal warrior's attack.
You hit the skeletal warrior but do no damage.
You kick the skeletal warrior, but do no damage.
The skeletal warrior is moderately damaged.
The skeletal warrior hits you with a +0 glaive.
You hit the skeletal warrior but do no damage.
Your kick misses the skeletal warrior.
The skeletal warrior is moderately damaged.
You block the skeletal warrior's attack.
You hit the skeletal warrior. You freeze the skeletal warrior.
You kick the skeletal warrior, but do no damage.
The skeletal warrior is heavily damaged.
You block the skeletal warrior's attack.
You hit the skeletal warrior but do no damage.
Your kick misses the skeletal warrior.
The skeletal warrior is heavily damaged.
You block the skeletal warrior's attack.
You completely miss the skeletal warrior.
You kick the skeletal warrior.
The skeletal warrior is heavily damaged.
The skeletal warrior hits you with a +0 glaive!!
The skeletal warrior hits you with a +0 glaive.
You barely miss the skeletal warrior. Your kick misses the skeletal warrior.
The skeletal warrior is heavily damaged.
The skeletal warrior is struck by your spines.
The skeletal warrior hits you with a +0 glaive!
* * * LOW HITPOINT WARNING * * *
You hit the skeletal warrior.
You kick the skeletal warrior, but do no damage.
The skeletal warrior is severely damaged.
The skeletal warrior closely misses you.
You hit the skeletal warrior but do no damage.
The skeletal warrior is severely damaged.
The skeletal warrior hits you with a +0 glaive!
You die...

#...#...#.....##+#'#######)##
#.∩.#...#...[.#..........#)#
#...##+##.....####.......#.#
#................#.......#.#
#####........#.......#.#
#........#.......'.#
#........#+#######.#
#...z○.............##
#..§@......#######...
#...§......#.....#...
..............#.........
..........<...#.........
...............#..#'#....
..########.....#..#∩#.... ..
#.....#..###....
###...#.........
#...#.........


You could see a skeletal warrior.

Vanquished Creatures
  A hydra (D:9)
  The ghost of siradein the Grappler, a novice TrGl (D:7)
  Pikel (D:8)
  Joseph (D:7)
  Maurice (D:7)
  Maggie (D:8)
  A troll (D:6)
  Grinder (D:4)
  7 yaks
  2 steam dragons
  Grum (D:8)
  3 vampire mosquitoes (D:9)
  3 water moccasins
  An ice beast (D:5)
  2 black bears (D:6)
  3 ogres
  4 wolves (D:8)
  A centaur (D:8)
  2 lemures (D:8)
  3 phantoms
  4 kobold brigands
  6 bullfrogs
  2 gnoll sergeants
  3 necrophages
  2 scorpions (D:5)
  A wight (D:8)
  10 killer bees (D:9)
  A howler monkey (D:9)
  3 hounds
  A jelly (D:4)
  3 orc priests
  Terence (D:3)
  Crazy Yiuf (D:7)
  2 gnoll shamans (D:6)
  3 iguanas
  Natasha (thrice) (D:4)
  15 orc wizards
  Ijyb (D:3)
  8 adders
  13 gnolls
  2 shadow imps
  A white imp (D:8)
  4 worms
  3 dart slugs
  31 orcs
  7 bats
  2 endoplasms (D:1)
  10 giant cockroaches
  7 goblins
  7 hobgoblins
  2 jackals (D:1)
  19 kobolds
  3 quokkas
  12 ball pythons
  3 frilled lizards
  3 rats
239 creatures vanquished.

Vanquished Creatures (others)
  6 plants (D:6)
  5 toadstools (D:1)
11 creatures vanquished.

Grand Total: 250 creatures vanquished

Notes
Turn   | Place    | Note
-------+----------+-------------------------------------------
     0 | D:1      | jlumianski the Demonspawn Fighter began the quest for the
                  | Orb.
     0 | D:1      | Reached XP level 1. HP: 18/18 MP: 1/1
   172 | D:1      | Gained mutation: You are partially covered in sharp spines.
                  | [demonic ancestry]
   172 | D:1      | Reached XP level 2. HP: 24/24 MP: 2/2
   633 | D:2      | Found a faded altar of an unknown god.
   700 | D:1      | Reached XP level 3. HP: 29/29 MP: 3/3
  1568 | D:2      | Gained mutation: You have large cloven feet. [demonic
                  | ancestry]
  1568 | D:2      | Reached XP level 4. HP: 35/35 MP: 4/4
  1877 | D:3      | Found Noathruf's Magic Scroll Boutique.
  1891 | D:3      | Bought a scroll of enchant weapon for 82 gold pieces
  2164 | D:3      | Noticed Ijyb
  2172 | D:3      | Paralysed by Ijyb for 5 turns
  2180 | D:3      | Killed Ijyb
  2181 | D:3      | Gained mutation: Your demonic aura sometimes causes spilled
                  | blood to erupt in flames. [demonic ancestry]
  2181 | D:3      | Reached XP level 5. HP: 39/42 MP: 5/5
  2381 | D:3      | Noticed Terence
  2389 | D:3      | Killed Terence
  2556 | D:3      | Gained mutation: Your body sometimes deteriorates upon
                  | taking damage. [potion of mutation]
  2557 | D:3      | Lost mutation: Your body sometimes deteriorates upon taking
                  | damage. [potion of mutation]
  2557 | D:3      | Gained mutation: You are agile. (Dex +2) [potion of
                  | mutation]
  2557 | D:3      | Lost mutation: You are agile. (Dex +2) [potion of mutation]
  2625 | D:4      | Noticed a phantom
  2812 | D:3      | Killed a phantom
  2813 | D:3      | Reached skill level 1 in Dodging
  2813 | D:3      | Gained mutation: Your demonic aura often causes spilled
                  | blood to erupt in flames. [demonic ancestry]
  2813 | D:3      | Reached XP level 6. HP: 45/48 MP: 6/6
  2920 | D:4      | Found a sacrificial altar of Ru.
  2953 | D:4      | Noticed Grinder
  2953 | D:4      | Paralysed by Grinder for 2 turns
  2968 | D:4      | Killed Grinder
  2969 | D:4      | Reached skill level 5 in Axes
  2969 | D:4      | Reached XP level 7. HP: 48/54 MP: 7/7
  3014 | D:4      | Found a stormy altar of Qazlal.
  3062 | D:4      | Became a worshipper of Qazlal Stormbringer
  3143 | D:4      | Found Dukem's Distillery.
  3155 | D:4      | Found Ruisuiss's Self-Improvement Boutique.
  3176 | D:4      | Found a burning altar of Makhleb.
  3277 | D:4      | Noticed Natasha
  3287 | D:4      | Killed Natasha
  3367 | D:4      | Noticed Natasha
  3375 | D:4      | Killed Natasha
  3412 | D:4      | Noticed Natasha
  3417 | D:4      | Killed Natasha
  3539 | D:4      | Bought a potion of heal wounds for 55 gold pieces
  3646 | D:5      | Entered Level 5 of the Dungeon
  3667 | D:5      | Noticed an angel
  3987 | D:5      | Found Leddufan's CLEARANCE SALE!.
  4052 | D:5      | Reached * piety under Qazlal
  4053 | D:5      | Gained mutation: You are mostly covered in sharp spines.
                  | [demonic ancestry]
  4053 | D:5      | Reached XP level 8. HP: 59/61 MP: 8/8
  4254 | D:5      | Found Imaosim's General Store.
  4602 | D:6      | Reached skill level 1 in Invocations
  4629 | D:6      | Identified the +8 mace of Deflation {freeze, Int+3}
  4701 | D:6      | Reached skill level 2 in Invocations
  5310 | D:6      | Reached skill level 3 in Invocations
  5398 | D:5      | Reached skill level 1 in Maces & Flails
  5398 | D:5      | Reached skill level 1 in Throwing
  5594 | D:6      | Found a hazy altar of Hepliaklqana.
  5595 | D:6      | Found a shimmering altar of Xom.
  5596 | D:6      | Found an ancient bone altar of Kikubaaqudgha.
  5601 | D:6      | Found a broken altar of Ashenzari.
  5718 | D:6      | Reached skill level 4 in Invocations
  5820 | D:6      | Found a staircase to the Ecumenical Temple.
  6132 | D:6      | Reached skill level 5 in Armour
  6142 | D:6      | Noticed a troll
  6151 | D:6      | Killed a troll
  6152 | D:6      | Gained mutation: You have a somewhat thin skeletal
                  | structure. (Dex +2, Stealth+) [demonic ancestry]
  6152 | D:6      | Reached XP level 9. HP: 44/67 MP: 12/12
  7006 | D:7      | Reached skill level 5 in Fighting
  7021 | D:7      | Reached ** piety under Qazlal
  7041 | D:7      | Found a runed translucent door.
  7050 | D:7      | Noticed siradein's ghost (novice TrGl)
  7106 | D:7      | Identified the +1 robe of the Vanishing Seers {Rampage
                  | rElec}
  7169 | D:7      | Noticed Joseph
  7179 | D:7      | Killed Joseph
  7277 | D:7      | Reached skill level 5 in Invocations
  7369 | D:7      | Found a runed translucent door.
  7370 | D:7      | Noticed Crazy Yiuf
  7522 | D:8      | Noticed Maurice
  7994 | D:7      | Killed siradein's ghost
  7995 | D:7      | Reached skill level 6 in Invocations
  7995 | D:7      | Reached XP level 10. HP: 46/76 MP: 14/14
  8202 | D:7      | Killed Crazy Yiuf
  8514 | D:7      | Killed Maurice
  8515 | D:7      | Reached skill level 5 in Maces & Flails
  8649 | D:8      | Found Qeutaxoo's Distillery.
  8771 | D:8      | Bought a potion of heal wounds for 60 gold pieces
  8771 | D:8      | Bought a potion of might for 48 gold pieces
  8810 | D:8      | Reached skill level 7 in Invocations
  8886 | D:8      | Noticed Maggie
  8896 | D:8      | Killed Maggie
  9143 | D:8      | Noticed Grum
  9165 | D:8      | Killed Grum
  9168 | D:8      | Reached skill level 5 in Shields
  9231 | D:8      | Reached skill level 8 in Invocations
  9324 | D:8      | Reached *** piety under Qazlal
  9374 | D:8      | Got the Papyrus of Evil Orientation
  9718 | D:8      | Noticed Pikel
  9732 | D:8      | Killed Pikel
  9877 | D:9      | Found Fyreah's Magic Scroll Boutique.
 10058 | D:9      | Found Ceulit's Jewellery Shoppe.
 10157 | D:9      | Found Bapp's Antique Armour Emporium.
 10256 | D:9      | Reached XP level 11. HP: 81/81 MP: 17/17
 10304 | D:9      | Reached skill level 9 in Invocations
 10317 | D:9      | Found a shadowy altar of Dithmenos.
 10364 | D:9      | Noticed a four-headed hydra
 10374 | D:9      | Killed a four-headed hydra
 10474 | D:9      | Noticed a skeletal warrior
 10518 | D:9      | Found Buetoeg's Magic Scroll Shoppe.
 10549 | D:9      | Slain by a skeletal warrior

Illustrated notes

Levels and vault maps discovered:
D:1:      ldierk_walled_garden, layout_basic, amethyst_killhole,
          amcnicky_mini_corridor_feature
D:2:      layout_basic, nicolae_ecumenical_pavilion
D:3:      layout_basic, serial_shops, nicolae_diamond_shop, uniq_ijyb,
          uniq_terence
D:4:      layout_basic, bloody_makhleb, mainiacjoe_overflow_paths,
          overflow_temple_1_default, serial_shops, nicolae_inconvenience_store,
          nicolae_shop_self_help, uniq_natasha, uniq_grinder
D:5:      layout_basic, zin_angel, serial_shops, shop, nicolae_shop_clearance
D:6:      cheibrodos_two_vegetables, layout_basic, minitemple,
          minmay_temple_entry_antechambers
D:7:      layout_basic, ebering_ghost_reflecting_pool, serial_aquarium,
          aquarium_bridge_straight [aquarium_subvault_bridge,
          aquarium_subvault_balcony, aquarium_subvault_bridge,
          aquarium_subvault_balcony], aquarium_window_corridor_3,
          aquarium_window_1, aquarium_window_1, aquarium_window_fake,
          aquarium_view_2e, aquarium_pool_2, lightli_orcish_oven, uniq_joseph,
          uniq_crazy_yiuf_cottage
D:8:      layout_loops_ring, serial_shops, shop, grunt_tough_drop, uniq_grum,
          uniq_pikel, uniq_maggie, uniq_maurice
D:9:      layout_irregular_city, overflow_temple_1_default, serial_shops,
          nicolae_shop_advertising_works [nicolae_subvault_shop_adworks],
          kennysheep_mini_moat, nicolae_shop_hallway_plus, shop,
          minmay_misc_feat_hallway, minmay_the_grid_2x2 [minmay_the_grid_eight,
          minmay_the_grid_garden, minmay_the_grid_mess,
          minmay_the_grid_prize_four_corners_diamond_b]

Skill      XL: |  1  2  3  4  5  6  7  8  9 10 11 |
---------------+----------------------------------+-----
Axes           | 2 3 4 5 6 7 |  7.5
Armour         | 3 4 5 6 7 |  7.3
Shields        | 3 4 5 |  5.6
Dodging        | 1 2 |  2.7
Fighting       | 4 5 6 |  6.3
Invocations    | 4 6 8 9 |  9.2
Maces & Flails | 1 4 6 7 |  7.0
Throwing       | 1 |  1.5
Stealth        | |  0.9

Action                   |  1- 3 |  4- 6 |  7- 9 | 10-12 || total
-------------------------+-------+-------+-------+-------++-------
Melee: War axe           |    88 |    77 |    74 |       ||   239
       Kick              |       |    20 |    54 |    55 ||   129
       Mace              |       |       |   107 |   163 ||   270
Throw: Boomerang         |       |     2 |    16 |     2 ||    20
Invok: Upheaval          |       |       |       |     1 ||     1
  Use: Scroll            |       |    10 |     5 |     4 ||    19
       Potion            |       |     3 |     2 |       ||     5
Armor: Scale mail        |    61 |    19 |       |       ||    80
       Chain mail        |       |    23 |    66 |    48 ||   137
Dodge: Dodged            |    47 |    31 |    88 |    74 ||   240
Block: Buckler           |    33 |    27 |    83 |    59 ||   202
       Kite shield       |       |       |       |    62 ||    62

Table legend: (Time is in decaauts)
 A = Elapsed time spent in this place.
 B = Non-inter-level travel time spent in this place.
 C = Inter-level travel time spent in this place.
 D = Time resting spent in this place.
 E = Time spent auto-exploring this place.
 F = Levels seen in this place.
 G = Mean time per level.
                   A        B        C        D        E       F      G
               +--------+--------+--------+--------+--------+-----+--------+
         Total |  10716 |  10560 |    156 |   1613 |   5035 |   9 | 1190.7 |
       Dungeon |  10716 |  10560 |    156 |   1613 |   5035 |   9 | 1190.7 |
               +--------+--------+--------+--------+--------+-----+--------+

Top non-repeatable levels by time:
     D:6: 1966 daAuts
     D:7: 1652 daAuts
     D:5: 1417 daAuts
     D:8: 1232 daAuts
     D:3: 1118 daAuts
     D:4: 940 daAuts
     D:1: 939 daAuts
     D:2: 733 daAuts
     D:9: 717 daAuts
